AoeStats
← RDalton77

Black Forest

504688345Analyzed
1v1 RM · 26d ago on Sep 6, 2026· 21m 42s· 2 players
Game mode
Random Map
Map size
Tiny (2 player)
Population
200
Speed
Normal
Resources
Standard
Victory
Conquest
Starting age
Dark Age
Ending age
Imperial Age
RankedLock teamsTeams togetherTeam positionsShared explorationLock speedFull tech treeHidden civsTurbo modeCheats
Victory
Defeat
🇻🇳 Portuguese · Vietnam
948
+18
🇦🇺 Mongols · Australia
991
-18
RDalton77
10:53 Feudal Age
15:52 Castle Age
14:28 Double-Bit Axe
14:26 Horse Collar
17:16 Loom
20:40 Light Cavalry
nguyenductuqtqt
10:48 Feudal Age
14:39 Castle Age
14:50 Double-Bit Axe
Connection lost

Rejoining the realm…

Still unreachable

The connection could not be restored.

Session expired

The server has moved on; the page needs a fresh start.